 Dungeon Crawl Stone Soup version 0.29-a0-82-g837932c90e (webtiles) character file.

Game seed: 2607457744443922987

4 Armakuni the Sneak (level 1, -1/18 HPs)
             Began as a Human Delver on Feb 4, 2022.
             Slain by a jackal (2 damage)
             ... on level 3 of the Dungeon.
             The game lasted 00:02:04 (234 turns).

Armakuni the Sneak (Human Delver)                    Turns: 234, Time: 00:02:04

Health: -1/18      AC:  3    Str: 12    XL:     1   Next: 77%
Magic:  1/1        EV: 12    Int: 10    God:
Gold:   25         SH:  0    Dex: 14    Spells: 0/0 levels left

rFire   . . .      SeeInvis .   a - +0 falchion
rCold   . . .      Faith    .   (no shield)
rNeg    . . .      Spirit   .   b - +0 leather armour
rPois   .          Reflect  .   (no helmet)
rElec   .          Harm     .   (no cloak)
rCorr   .          Rampage  .   (no gloves)
Will    .....                   (no boots)
Stlth   +++.......              (no amulet)
HPRegen 0.06/turn               (no ring)
MPRegen 0.07/turn               (no ring)

@: no status effects
A: no striking features
a: no special abilities


You were on level 3 of the Dungeon.
You visited 1 branch of the dungeon, and saw 5 of its levels.

You collected 25 gold pieces.

Inventory:

Hand Weapons
 a - a +0 falchion (weapon)
Armour
 b - a +0 leather armour (worn)
Wands
 g - a wand of digging (3)
Scrolls
 c - a scroll of fog
 d - a scroll of magic mapping
 e - a scroll of fear
 i - a scroll of blinking {unknown}
Potions
 f - a potion of haste


   Skills:
 + Level 3.1 Fighting
 + Level 2.2 Long Blades
 - Level 2.0 Dodging
 - Level 5.0 Stealth


You couldn't memorise any spells.
You didn't know any spells.
Your spell library contained the following spells:

 Spells                   Type           Power      Damage    Failure   Level
 Tukima's Dance           Hex            0%         N/A       82%         3
 Passage of Golubria      Tloc           0%         N/A       99%         4
 Yara's Violent Unravell  Hex/Tmut       0%         3d3       100%        5


Dungeon Overview and Level Annotations

Branches:
Dungeon (6/15)
 Temple: D:4-7

Altars:


Message History

The jackal barks! x3
Found 9 gold pieces and 14 sling bullets.
Found a stone staircase leading down.
There is a stone staircase leading down here.
The hobgoblin hits you.
You climb downwards.
There is a stone staircase leading up here.
You hit the hobgoblin.
You kill the hobgoblin!
No target in view!
You climb upwards.
The jackal bites you. The endoplasm freezes you.
You are frozen.
The jackal bites you but does no damage.
The jackal misses you. The rat closely misses you. The endoplasm freezes you.
You are frozen.
The jackal pauses to sniff the ground.
The jackal closely misses you.
There is a stone staircase leading down here.
The jackal bites you. The jackal closely misses you. The hobgoblin hits you.
The rat misses you. The jackal barely misses you. The endoplasm misses you.
The jackal completely misses you. The jackal barely misses you.
You climb downwards.
There is a stone staircase leading up here.
You hit the rat.
You kill the rat!
The jackal bites you.
* * * LOW HITPOINT WARNING * * *
The jackal barely misses you. x2
The hobgoblin hits you but does no damage.
The endoplasm freezes you.
You are frozen.
* * * LOW HITPOINT WARNING * * *
The jackal bites you.
* * * LOW HITPOINT WARNING * * *
The jackal barely misses you. The jackal closely misses you.
The endoplasm closely misses you. The jackal bites you.
You die...

#.# #.# #.. #.###
#...# # #.#.#.#
...#####hh...#
.......@g..#
..)####hJ### #..#
#..# #########
#..# #.......#
#..#
##.#.....#####..#
................#
.#.....########


You could see an endoplasm, 3 jackals and a hobgoblin.

Vanquished Creatures
  An endoplasm (D:3)
  2 hobgoblins (D:3)
  A rat (D:3)
4 creatures vanquished.

Notes
Turn   | Place    | Note
-------+----------+-------------------------------------------
     0 | D:5      | Armakuni the Human Delver began the quest for the Orb.
     0 | D:5      | Reached XP level 1. HP: 18/18 MP: 1/1
    65 | D:5      | Noticed a hound
   234 | D:3      | Slain by a jackal

Illustrated notes

Levels and vault maps discovered:
D:2:      layout_rooms
D:3:      layout_loops_cross, tgw_kikubaaqudgha, grunt_ministairs_10,
          uniq_sigmund, uniq_grinder
D:4:      layout_cave_pools, nicolae_sif_muna_condensation, serial_shops, shop,
          uniq_eustachio, uniq_menkaure
D:5:      layout_loops_ring, minmay_temple_entry_statues
D:6:      layout_gridville, mainiacjoe_overflow_tiny_flanked,
          mainiacjoe_overflow_big_doors, uniq_edmund

Action                   || total
-------------------------++-------
Melee: Falchion          ||     9
  Use: Scroll            ||     1
Armor: Leather armour    ||     2
Dodge: Dodged            ||    19

Table legend: (Time is in decaauts)
 A = Elapsed time spent in this place.
 B = Non-inter-level travel time spent in this place.
 C = Inter-level travel time spent in this place.
 D = Time resting spent in this place.
 E = Time spent auto-exploring this place.
 F = Levels seen in this place.
 G = Mean time per level.
                   A        B        C        D        E       F      G
               +--------+--------+--------+--------+--------+-----+--------+
         Total |    237 |    237 |      0 |      0 |      0 |   5 |   47.4 |
       Dungeon |    237 |    237 |      0 |      0 |      0 |   5 |   47.4 |
               +--------+--------+--------+--------+--------+-----+--------+

Top non-repeatable levels by time:
     D:5: 99 daAuts
     D:3: 91 daAuts
     D:6: 35 daAuts
     D:4: 6 daAuts
     D:2: 5 daAuts
